 Dungeon Sprint DCSS version 0.23-a0-143-g1adec7b (webtiles) character file.

1 Fang the Skirmisher (level 1, -4/21 HPs)
             Began as a Gargoyle Berserker on Sept 5, 2018.
             Was a Follower of Trog.
             Slain by an ice beast (14 damage)
             ... summoned by a deep elf mage
             ... in the Dungeon (Sprint VII: "The Pits").
             The game lasted 00:00:07 (35 turns).

Fang the Skirmisher (Gargoyle Berserker)              Turns: 35, Time: 00:00:08

Health: -4/21      AC:  4    Str: 25    XL:     1   Next: 20%
Magic:  1/1        EV: 12    Int:  7    God:    Trog [*.....]
Gold:   0          SH:  0    Dex:  9    Spells: 0/0 levels left

rFire    . . .     SeeInvis .   a - +0 hand axe
rCold    . . .     Gourm    .   (no shield)
rNeg     + . .     Faith    .   b - +0 animal skin
rPois    ∞         Spirit   .   (no helmet)
rElec    +         Reflect  .   (no cloak)
rCorr    .         Harm     .   (no gloves)
MR       .....     NoTele   +   (no boots)
Stlth    ..........             (no amulet)
HPRegen  0.07/turn              (no ring)
MPRegen  0.07/turn              (no ring)

@: berserking, very quick
A: negative energy resistance 1, electricity resistance, unbreathing,
petrification resistance, rot immunity, AC +2
a: Berserk, Renounce Religion


You were in the Dungeon.
You worshipped Trog.
Trog was aware of your devotion.
You were not hungry.

You visited 1 branch

Inventory:

Hand Weapons
 a - a +0 hand axe (weapon)
Armour
 b - a +0 animal skin (worn)
Scrolls
 i - a scroll of blinking
Potions
 d - a potion of curing
 e - a potion of heal wounds
 f - a potion of haste
 g - 2 potions of magic
 h - a potion of berserk rage
Comestibles
 c - a ration


   Skills:
 + Level 3.6 Fighting
 + Level 3.0 Axes
 + Level 2.3 Armour
 + Level 1.6 Dodging


You couldn't memorise any spells.
You didn't know any spells.
Your spell library was empty.

Dungeon Overview and Level Annotations

Branches:
Dungeon (1/1)

Altars:


Innate Abilities, Weirdness & Mutations

You are resistant to torment.
Your stone body is resilient. (AC +2)
You are immune to poison.
You resist negative energy. (rN+)
You are resistant to electric shocks. (rElec)
You can survive without breathing.
You are immune to petrification.
You are immune to rotting.


Message History

Unknown command.
You slash the polar bear!
The polar bear is heavily wounded.
You slash the goblin!
You kill the goblin!
Trog accepts your kill.
Your Axes skill increases to level 3!
The polar bear completely misses you.
The polar bear claws you but does no damage. x2
The deep elf mage gestures wildly while chanting.
The deep elf mage blinks!
You slash the polar bear!
The polar bear is almost dead.
Unknown command.
You barely miss the polar bear.
The polar bear is almost dead.
You slash the ice beast!
The polar bear goes berserk!
The ice beast hits you. The ice beast freezes you!
Ouch! That really hurt!
You die...

##########++######
#................#
#......#..#......#
#................+
+................+
#.....Y#..#......#
#....@hkY........#
####'#####''######
#.......##''#
#.......##.h##
#.......##.Y.#
#...<...###.e.#
#.......# ##.Y...
#.......# ..###+#
#.......# .##


You could see a lindwurm, a polar bear (berserk) and 2 ice beasts.

Vanquished Creatures
  A goblin (D)
1 creature vanquished.

Notes
Turn   | Place    | Note
-------+----------+-------------------------------------------
     0 | D        | Fang the Gargoyle Berserker began the quest for the Orb.
     0 | D        | Reached XP level 1. HP: 14/14 MP: 1/1
    14 | D        | Noticed a deep elf mage
    15 | D        | Noticed a polar bear
    21 | D        | Noticed an ice beast
    22 | D        | Noticed an ice beast
    30 | D        | Noticed a lindwurm
    35 | D        | Slain by an ice beast

Vault maps used:
D:        pitsprint

Skill      XL: |  1 |
---------------+----+-----
Axes           | 3 |  3.0
Fighting       | |  3.6
Armour         | |  2.3
Dodging        | |  1.6

Action                   || total
-------------------------++-------
Melee: Hand axe          ||     6
Invok: Berserk           ||     1
Armor: Animal skin       ||     3
Dodge: Dodged            ||     3

Table legend:
 A = Non-vault XP
 B = Vault XP
 C = Vault XP percentage of total XP
 D = Non-vault monster count
 E = Vault monster count
 F = Vault count percentage of total count
                 A         B        C        D         E       F
            +---------+---------+-------+---------+---------+-------
      Total |       0 |       2 | 100.0 |       0 |       1 | 100.0
            +---------+---------+-------+---------+---------+-------
          D |       0 |       2 | 100.0 |       0 |       1 | 100.0
            +---------+---------+-------+---------+---------+-------
